| TOP OF THE 1ST |
|
Texas Rangers batting - Pitching for New York Yankees : LHP Joel Pacheco
|
|
Pitching: LHP Joel Pacheco
|
|
|
Batting: RHB Chad Thompson
|
0-0: Ground out 5-3 (Groundball, 5, EV 81.2 MPH)
|
|
Batting: SHB John Giesbrecht
|
0-0: Called Strike 0-1: Swinging Strike 0-2: Foul Ball, location: 2F 0-2: Strikes out swinging
|
|
Batting: RHB Marc Peckermark
|
0-0: Called Strike 0-1: Swinging Strike 0-2: Ball 1-2: Ball 2-2: Strikes out looking
|
| Top of the 1st over - 0 runs, 0 hits, 0 errors, 0 left on base; Texas 0 - New York 0 |
| BOTTOM OF THE 1ST |
|
New York Yankees batting - Pitching for Texas Rangers : RHP Franz Holzknecht
|
|
Pitching: RHP Franz Holzknecht
|
|
|
Batting: LHB Jordan de Jesus
|
0-0: Ball 1-0: Swinging Strike 1-1: Ball 2-1: Called Strike 2-2: Foul Ball, location: 2F 2-2: Ground out 6-3 (Groundball, 6, EV 106.2 MPH)
|
|
Batting: RHB Henri Cederberg
|
0-0: Fly out, F8 (Flyball, 89M, EV 84.4 MPH)
|
|
Batting: LHB Jim Skare
|
0-0: Ball 1-0: Swinging Strike 1-1: SINGLE (Flyball, 7LM, EV 101.9 MPH)
|
|
Batting: RHB Adriaan Pieters
|
0-0: Ball 1-0: Ball 2-0: Foul Ball, location: 2F 2-1: Ball 3-1: Called Strike 3-2: Foul Ball, location: 2F 3-2: SINGLE (Groundball, 4M, EV 93.8 MPH) (infield hit) Jim Skare to second
|
|
Batting: RHB Shiro Suehiro
|
0-0: Foul Ball, location: 2F 0-1: Fly out, F8 (Line Drive, 8LM, EV 98.8 MPH)
|
| Bottom of the 1st over - 0 runs, 2 hits, 0 errors, 2 left on base; Texas 0 - New York 0 |
| TOP OF THE 2ND |
|
Texas Rangers batting - Pitching for New York Yankees : LHP Joel Pacheco
|
|
Batting: RHB Blake Ballard
|
0-0: Called Strike 0-1: SOLO HOME RUN (Line Drive, 7D, EV 95.6 MPH), Distance : 375 ft
|
|
Batting: SHB Vince Ealy
|
0-0: Ground out 6-3 (Groundball, 6, EV 85.0 MPH)
|
|
Batting: SHB Addick de Vries
|
0-0: Ball 1-0: Called Strike 1-1: Swinging Strike 1-2: Ball 2-2: Foul Ball, location: 2F 2-2: Strikes out swinging
|
|
Batting: RHB Zhao-ji Chi
|
0-0: Ball 1-0: Ball 2-0: Foul Ball, location: 2F 2-1: Ball 3-1: Ground out 5-3 (Groundball, 56, EV 85.6 MPH)
|
| Top of the 2nd over - 1 run, 1 hit, 0 errors, 0 left on base; Texas 1 - New York 0 |
| BOTTOM OF THE 2ND |
|
New York Yankees batting - Pitching for Texas Rangers : RHP Franz Holzknecht
|
|
Batting: LHB Joel Vera
|
0-0: Ball 1-0: Ball 2-0: Ground out 1-3 (Groundball, 34S, EV 76.2 MPH)
|
|
Batting: RHB Russ Shambaugh
|
0-0: Ball 1-0: Called Strike 1-1: Ground out 6-3 (Groundball, 6, EV 85.6 MPH)
|
|
Batting: RHB Geni Prawiranega
|
0-0: Called Strike 0-1: DOUBLE (Flyball, 78D, EV 93.8 MPH)
|
|
Batting: RHB Larry Martell
|
0-0: Called Strike 0-1: Ball 1-1: Ball 2-1: Hit by Pitch
|
|
Batting: LHB Jordan de Jesus
|
0-0: Ball 1-0: Ball 2-0: Foul Ball, location: 2F 2-1: Ball 3-1: Foul Ball, location: 2F 3-2: Foul Ball, location: 2F 3-2: Foul Ball, location: 2F 3-2: Base on Balls Geni Prawiranega to third Larry Martell to second
|
|
Batting: RHB Henri Cederberg
|
0-0: Ball 1-0: Foul Ball, location: 2F 1-1: Ground out 6-3 (Groundball, 56, EV 105.6 MPH)
|
| Bottom of the 2nd over - 0 runs, 1 hit, 0 errors, 3 left on base; Texas 1 - New York 0 |
| TOP OF THE 3RD |
|
Texas Rangers batting - Pitching for New York Yankees : LHP Joel Pacheco
|
|
Batting: RHB Chris Torlak
|
0-0: Swinging Strike 0-1: Foul Ball, location: 2F 0-2: Ball 1-2: Foul Ball, location: 2F 1-2: Strikes out swinging
|
|
Batting: SHB Alvare Bairro
|
0-0: Called Strike 0-1: Ball 1-1: Foul Ball, location: 2F 1-2: Strikes out swinging
|
|
Batting: RHB Chad Thompson
|
0-0: Ball 1-0: Ball 2-0: Ball 3-0: Called Strike 3-1: SINGLE (Groundball, 34D, EV 103.8 MPH)
|
|
Batting: SHB John Giesbrecht
|
0-0: Ball Chad Thompson steals 2nd, throwing error, E2 Chad Thompson to third 1-0: Foul Ball, location: 2F 1-1: Called Strike 1-2: Ball 2-2: Ball 3-2: Foul Ball, location: 2F 3-2: Base on Balls
|
|
Batting: RHB Marc Peckermark
|
0-0: Called Strike 0-1: Called Strike 0-2: Ball 1-2: Ball 2-2: Strikes out swinging
|
| Top of the 3rd over - 0 runs, 1 hit, 1 error, 2 left on base; Texas 1 - New York 0 |
| BOTTOM OF THE 3RD |
|
New York Yankees batting - Pitching for Texas Rangers : RHP Franz Holzknecht
|
|
Batting: LHB Jim Skare
|
0-0: Called Strike 0-1: Foul Ball, location: 2F 0-2: Strikes out swinging, 2-3 out at first.
|
|
Batting: RHB Adriaan Pieters
|
0-0: Fly out, F9 (Flyball, 89S, EV 85.0 MPH)
|
|
Batting: RHB Shiro Suehiro
|
0-0: Ball 1-0: Foul Ball, location: 2F 1-1: Ball 2-1: SINGLE (Line Drive, 9LS, EV 108.8 MPH)
|
|
Batting: LHB Joel Vera
|
0-0: Ball 1-0: SINGLE (Groundball, 4MD, EV 107.5 MPH) Shiro Suehiro to second
|
|
Batting: RHB Russ Shambaugh
|
0-0: Foul Ball, location: 2F 0-1: Swinging Strike 0-2: Strikes out swinging
|
| Bottom of the 3rd over - 0 runs, 2 hits, 0 errors, 2 left on base; Texas 1 - New York 0 |
| TOP OF THE 4TH |
|
Texas Rangers batting - Pitching for New York Yankees : LHP Joel Pacheco
|
|
Batting: RHB Blake Ballard
|
0-0: Ball 1-0: Foul Ball, location: 2F 1-1: Foul Ball, location: 2F 1-2: Strikes out looking
|
|
Batting: SHB Vince Ealy
|
0-0: Foul Ball, location: 2F 0-1: Foul Ball, location: 2F 0-2: Strikes out swinging
|
|
Batting: SHB Addick de Vries
|
0-0: Ball 1-0: Fly out, F8 (Flyball, 8RS, EV 78.8 MPH)
|
| Top of the 4th over - 0 runs, 0 hits, 0 errors, 0 left on base; Texas 1 - New York 0 |
| BOTTOM OF THE 4TH |
|
New York Yankees batting - Pitching for Texas Rangers : RHP Franz Holzknecht
|
|
Batting: RHB Geni Prawiranega
|
0-0: Ball 1-0: Foul Ball, location: 2F 1-1: Ball 2-1: Called Strike 2-2: SINGLE (Line Drive, 78S, EV 97.5 MPH)
|
|
Batting: RHB Larry Martell
|
0-0: Ball 1-0: Called Strike 1-1: Called Strike 1-2: SINGLE (Groundball, 4MD, EV 109.4 MPH) Geni Prawiranega to second Runner from 2nd tries for 3rd, SAFE, throw by CF made to third Larry Martell to second
|
|
Batting: LHB Jordan de Jesus
|
0-0: Called Strike 0-1: Ball 1-1: Foul Ball, location: 2F 1-2: Foul Ball, location: 2F 1-2: Ball 2-2: Ball 3-2: Ground out 5-3 (Groundball, 56S, EV 74.4 MPH) Geni Prawiranega scores Larry Martell to third
|
|
Batting: RHB Henri Cederberg
|
0-0: Called Strike 0-1: Ball 1-1: DOUBLE (Line Drive, 9LM, EV 103.1 MPH) Larry Martell scores
|
|
Batting: LHB Jim Skare
|
0-0: Called Strike 0-1: Called Strike 0-2: Ball 1-2: Ball 2-2: Foul Ball, location: 2F 2-2: Ball 3-2: Fly out, F5 (Popup, 5SF, EV 86.2 MPH)
|
|
Batting: RHB Adriaan Pieters
|
0-0: Called Strike 0-1: Ground out 6-3 (Groundball, 56, EV 108.1 MPH)
|
| Bottom of the 4th over - 2 runs, 3 hits, 0 errors, 1 left on base; Texas 1 - New York 2 |
| TOP OF THE 5TH |
|
Texas Rangers batting - Pitching for New York Yankees : LHP Joel Pacheco
|
|
Batting: RHB Zhao-ji Chi
|
0-0: Ball 1-0: Foul Ball, location: 2F 1-1: Foul Ball, location: 2F 1-2: Strikes out looking
|
|
Batting: RHB Chris Torlak
|
0-0: Ball 1-0: SINGLE (Groundball, 56D, EV 94.4 MPH)
|
|
Batting: SHB Alvare Bairro
|
0-0: Called Strike Chris Torlak steals 2nd base (no throw) 0-1: Ball 1-1: Swinging Strike 1-2: Foul Ball, location: 2F 1-2: Foul Ball, location: 2F 1-2: Strikes out swinging
|
|
Batting: RHB Chad Thompson
|
0-0: Foul Ball, location: 2F 0-1: Ball 1-1: Ball 2-1: Foul Ball, location: 2F 2-2: Foul Ball, location: 2F 2-2: Ball 3-2: Ground out U3 (Groundball, 34S, EV 89.4 MPH)
|
| Top of the 5th over - 0 runs, 1 hit, 0 errors, 1 left on base; Texas 1 - New York 2 |
| BOTTOM OF THE 5TH |
|
New York Yankees batting - Pitching for Texas Rangers : RHP Franz Holzknecht
|
|
Batting: RHB Shiro Suehiro
|
0-0: Called Strike 0-1: Ground out 4-3 (Groundball, 4, EV 93.8 MPH)
|
|
Batting: LHB Joel Vera
|
0-0: Foul Ball, location: 2F 0-1: Swinging Strike 0-2: Ball 1-2: Ball 2-2: Foul Ball, location: 2F 2-2: Ball 3-2: Base on Balls
|
|
Batting: RHB Russ Shambaugh
|
0-0: Ball 1-0: Ball 2-0: Fly out, F9 (Flyball, 89M, EV 87.5 MPH)
|
|
Batting: RHB Geni Prawiranega
|
0-0: Called Strike 0-1: Ball 1-1: Foul Ball, location: 2F 1-2: Foul Ball, location: 2F 1-2: Foul Ball, location: 2F 1-2: Strikes out swinging
|
| Bottom of the 5th over - 0 runs, 0 hits, 0 errors, 1 left on base; Texas 1 - New York 2 |
| TOP OF THE 6TH |
|
Texas Rangers batting - Pitching for New York Yankees : LHP Joel Pacheco
|
|
Batting: SHB John Giesbrecht
|
0-0: Called Strike 0-1: Ball 1-1: SINGLE (Flyball, 5D, EV 87.5 MPH)
|
|
Batting: RHB Marc Peckermark
|
0-0: Called Strike 0-1: 2-RUN HOME RUN (Flyball, 9D, EV 96.9 MPH), Distance : 382 ft
|
|
Batting: RHB Blake Ballard
|
0-0: Called Strike 0-1: Foul Ball, location: 2F 0-2: Foul Ball, location: 2F 0-2: Ball 1-2: DOUBLE (Line Drive, 89D, EV 108.1 MPH)
|
|
Pitching: RHP Dave Barry
|
|
|
Batting: SHB Vince Ealy
|
0-0: Ball 1-0: Ground out 6-3 (Groundball, 6, EV 82.5 MPH) Blake Ballard to third
|
|
Batting: SHB Addick de Vries
|
0-0: Intentional Walk
|
|
Batting: RHB Zhao-ji Chi
|
0-0: Called Strike 0-1: Ball 1-1: Grounds into double play, 6-4-3 (Groundball, 6, EV 98.1 MPH)
|
| Top of the 6th over - 2 runs, 3 hits, 0 errors, 1 left on base; Texas 3 - New York 2 |
| BOTTOM OF THE 6TH |
|
New York Yankees batting - Pitching for Texas Rangers : RHP Franz Holzknecht
|
|
Pitching: RHP Isaburo Ishihara
|
|
|
Batting: RHB Larry Martell
|
0-0: Ball 1-0: Fly out, F9 (Line Drive, 9LM, EV 106.2 MPH)
|
|
Batting: LHB Jordan de Jesus
|
0-0: Ball 1-0: Ball 2-0: DOUBLE (Line Drive, 9LM, EV 109.4 MPH)
|
|
Batting: RHB Henri Cederberg
|
0-0: Ball 1-0: Ball 2-0: Swinging Strike 2-1: Called Strike 2-2: Foul Ball, location: 2F 2-2: Strikes out swinging
|
|
Batting: LHB Jim Skare
|
0-0: Ball 1-0: Called Strike 1-1: Foul Ball, location: 2F 1-2: Ball 2-2: Fly out, F9 (Flyball, 9, EV 83.8 MPH)
|
| Bottom of the 6th over - 0 runs, 1 hit, 0 errors, 1 left on base; Texas 3 - New York 2 |
| TOP OF THE 7TH |
|
Texas Rangers batting - Pitching for New York Yankees : RHP Dave Barry
|
|
Batting: RHB Chris Torlak
|
0-0: Called Strike 0-1: SINGLE (Line Drive, 78S, EV 111.9 MPH)
|
|
Batting: SHB Alvare Bairro
|
0-0: Ball 1-0: Ball 2-0: Sac Bunt to 5S - play at first, batter OUT! 5-3 Chris Torlak to second
|
|
Batting: LHB Sean Geisler
|
0-0: Called Strike 0-1: Ball 1-1: SINGLE (Groundball, 5S, EV 69.4 MPH) (infield hit) Chris Torlak to third
|
|
Batting: SHB John Giesbrecht
|
0-0: Called Strike Sean Geisler steals 2nd base (no throw) 0-1: Ball 1-1: Intentional Walk
|
|
Batting: RHB Marc Peckermark
|
0-0: Ball 1-0: Ball 2-0: Ball 3-0: Called Strike 3-1: Called Strike 3-2: Strikes out swinging
|
|
Batting: RHB Blake Ballard
|
0-0: Ball 1-0: Foul Ball, location: 2F 1-1: Foul Ball, location: 2F 1-2: Fly out, F8 (Flyball, 8RM, EV 92.5 MPH)
|
| Top of the 7th over - 0 runs, 2 hits, 0 errors, 3 left on base; Texas 3 - New York 2 |
| BOTTOM OF THE 7TH |
|
New York Yankees batting - Pitching for Texas Rangers : RHP Isaburo Ishihara
|
|
Batting: RHB Adriaan Pieters
|
0-0: Foul Ball, location: 2F 0-1: Ball 1-1: Ball 2-1: Ground out 6-3 (Groundball, 6M, EV 92.5 MPH)
|
|
Batting: RHB Shiro Suehiro
|
0-0: Swinging Strike 0-1: Ball 1-1: Ball 2-1: Foul Ball, location: 2F 2-2: Ball 3-2: Foul Ball, location: 2F 3-2: Base on Balls
|
|
Batting: LHB Joel Vera
|
0-0: Ball 1-0: Ground out 5-3 (Groundball, 6S, EV 72.5 MPH) Shiro Suehiro to second
|
|
Batting: RHB Russ Shambaugh
|
0-0: Ball 1-0: Fly out, F6 (Line Drive, 6, EV 71.9 MPH)
|
| Bottom of the 7th over - 0 runs, 0 hits, 0 errors, 1 left on base; Texas 3 - New York 2 |
| TOP OF THE 8TH |
|
Texas Rangers batting - Pitching for New York Yankees : RHP Dave Barry
|
|
Pitching: LHP Robert Cruz
|
|
|
Batting: SHB Vince Ealy
|
0-0: Ball 1-0: Ground out 6-3 (Groundball, 6, EV 103.1 MPH)
|
|
Batting: SHB Addick de Vries
|
0-0: Called Strike 0-1: Ball 1-1: Ball 2-1: Swinging Strike 2-2: Ball 3-2: Strikes out swinging
|
|
Batting: RHB Zhao-ji Chi
|
0-0: Ball 1-0: Foul Ball, location: 2F 1-1: Ball 2-1: Ball 3-1: Foul Ball, location: 2F 3-2: Foul Ball, location: 2F 3-2: Fly out, F8 (Flyball, 8LD, EV 83.8 MPH)
|
| Top of the 8th over - 0 runs, 0 hits, 0 errors, 0 left on base; Texas 3 - New York 2 |
| BOTTOM OF THE 8TH |
|
New York Yankees batting - Pitching for Texas Rangers : RHP Isaburo Ishihara
|
|
Pitching: RHP Brad Kramer
|
|
|
Batting: RHB Geni Prawiranega
|
0-0: Called Strike 0-1: Foul Ball, location: 2F 0-2: Ball 1-2: SINGLE (Groundball, 6D, EV 106.2 MPH)
|
|
Batting: RHB Larry Martell
|
0-0: Called Strike 0-1: Ball Wild Pitch! Geni Prawiranega to second 1-1: Swinging Strike 1-2: Ball 2-2: Ball 3-2: Strikes out swinging
|
|
Batting: LHB Jordan de Jesus
|
0-0: Fly out, F8 (Line Drive, 8RD, EV 84.4 MPH)
|
|
Pinch Hitting: SHB Victor Ruiz
|
0-0: Called Strike 0-1: Ground out 4-3 (Groundball, 4, EV 91.2 MPH)
|
| Bottom of the 8th over - 0 runs, 1 hit, 0 errors, 1 left on base; Texas 3 - New York 2 |
| TOP OF THE 9TH |
|
Texas Rangers batting - Pitching for New York Yankees : LHP Robert Cruz
|
|
Pitching: RHP Chad Curry
|
|
|
Now at 1B: James Boynton
|
|
|
Now at 3B: Jim Skare
|
|
|
Batting: RHB Chris Torlak
|
0-0: Ball 1-0: Ground out 4-3 (Groundball, 4M, EV 81.9 MPH)
|
|
Batting: SHB Alvare Bairro
|
0-0: Called Strike 0-1: Fly out, F7 (Flyball, 7, EV 86.2 MPH)
|
|
Batting: LHB Sean Geisler
|
0-0: Ball 1-0: Ball 2-0: Ball 3-0: Called Strike 3-1: Foul Ball, location: 2F 3-2: Base on Balls
|
|
Batting: SHB John Giesbrecht
|
0-0: Called Strike 0-1: Foul Ball, location: 2F 0-2: Ball 1-2: Foul Ball, location: 2F 1-2: Ground out 4-3 (Groundball, 4, EV 91.2 MPH)
|
| Top of the 9th over - 0 runs, 0 hits, 0 errors, 1 left on base; Texas 3 - New York 2 |
| BOTTOM OF THE 9TH |
|
New York Yankees batting - Pitching for Texas Rangers : RHP Brad Kramer
|
|
Pitching: RHP Kyle Curve
|
|
|
Now at 2B: Ray Llewellyn
|
|
|
Batting: LHB Jim Skare
|
0-0: Ball 1-0: Called Strike 1-1: Foul Ball, location: 2F 1-2: Strikes out swinging
|
|
Batting: RHB Adriaan Pieters
|
0-0: Called Strike 0-1: Ball 1-1: Foul Ball, location: 2F 1-2: Ball 2-2: Foul Ball, location: 2F 2-2: Fly out, F9 (Flyball, 9LD, EV 85.0 MPH)
|
|
Batting: RHB Shiro Suehiro
|
0-0: Called Strike 0-1: Called Strike 0-2: Ball 1-2: Ball 2-2: Strikes out looking
|
| Bottom of the 9th over - 0 runs, 0 hits, 0 errors, 0 left on base; Texas 3 - New York 2 |
|